 Dungeon Crawl Stone Soup version 0.28.0-43-g3370ac3207 (webtiles) character file.

Game seed: 15442009936383649452

417 Peloso the Slasher (level 6, -3/56 HPs)
             Began as a Minotaur Fighter on Mar 18, 2022.
             Killed by divine providence
             ... invoked by an orc priest
              (12 damage)
             ... on level 5 of the Dungeon.
             The game lasted 00:04:06 (3365 turns).

Peloso the Slasher (Minotaur Fighter)               Turns: 3365, Time: 00:04:06

Health: -3/56      AC: 13    Str: 21    XL:     6   Next: 61%
Magic:  5/5        EV:  6    Int:  5    God:
Gold:   147        SH:  5    Dex: 11    Spells: 5/5 levels left

rFire   . . .      SeeInvis .   a - +0 falchion (venom)
rCold   . . .      Faith    .   c - +0 buckler
rNeg    . . .      Spirit   .   l - +1 plate armour
rPois   .          Reflect  .   (helmet restricted)
rElec   .          Harm     .   (no cloak)
rCorr   .          Rampage  .   (no gloves)
Will    .....                   (no boots)
Stlth   ..........              (no amulet)
HPRegen 0.18/turn               (no ring)
MPRegen 0.09/turn               (no ring)

@: no status effects
A: horns 2, retaliatory headbutt
a: no special abilities


You were on level 5 of the Dungeon.
You visited 1 branch of the dungeon, and saw 5 of its levels.

You collected 147 gold pieces.

Inventory:

Hand Weapons
 a - a +0 falchion of venom (weapon)
Armour
 b - a +0 scale mail
 c - a +0 buckler (worn)
 l - a +1 plate armour (worn)
Jewellery
 j - a +6 ring of intelligence
Wands
 g - a wand of iceblast (4)
Scrolls
 f - a scroll of fog {unknown}
Potions
 d - a potion of might
 e - 2 potions of curing
 h - a potion of haste {unknown}
 i - a potion of flight {unknown}
 k - 2 potions of resistance
 m - a potion of heal wounds {unknown}
 n - a potion of cancellation {unknown}


   Skills:
 + Level 5.1 Fighting
 + Level 5.6 Long Blades
 + Level 5.0 Armour
 + Level 1.2 Dodging
 + Level 0.5 Stealth
 + Level 4.9 Shields


You had 5 spell levels left.
You didn't know any spells.
Your spell library contained the following spells:

 Spells                   Type           Power      Damage    Failure   Level
 Dazzling Flash           Conj/Hex       0%         N/A       100%        3
 Iskenderun's Mystic Bla  Conj/Tloc      0%         2d3       100%        4
 Starburst                Conj/Fire      0%         6d3       100%        6


Dungeon Overview and Level Annotations

Branches:
Dungeon (5/15)
 Temple: D:4-7

Altars:

Annotations:
D:3 1 runed translucent door, P0WERM0DE's ghost, weakling MfCK


Innate Abilities, Weirdness & Mutations

You have a pair of horns on your head.
You reflexively headbutt those who attack you in melee.


Message History

The orc wizard flickers and vanishes!
Something hits you but does no damage.
You hit something. Your headbutt misses something.
The killer bee zombie barely misses you.
The iguana hisses menacingly.
You block the orc's attack. Something hits you but does no damage.
Unknown command.
You closely miss something. You headbutt something!
Reactivating autopickup.
You feel a bit more experienced. The orc hits you with a +0 morningstar.
Unknown command.
Deactivating autopickup; reactivate with Ctrl-A.
You barely miss something. The iguana bites you!
* * * LOW HITPOINT WARNING * * *
The orc hits you with a +0 hand axe.
* * * LOW HITPOINT WARNING * * *
The orc barely misses you. You block the orc's attack.
Something hits you but does no damage.
You closely miss something. Your headbutt misses something.
The iguana bites you but does no damage.
The orc hits you but does no damage. You block the orc's attack.
The orc hits you but does no damage. Something hits you but does no damage.
You miss something. Your headbutt misses something.
The iguana barely misses you. You furiously retaliate!
You headbutt the iguana! The orc hits you with a +0 hand axe.
* * * LOW HITPOINT WARNING * * *
The orc hits you but does no damage. The orc closely misses you.
Something hits you but does no damage.
Unknown command.
You closely miss something. The iguana barely misses you.
The orc hits you but does no damage. x2; The orc barely misses you.
Something hits you but does no damage. The iguana bites you.
* * * LOW HITPOINT WARNING * * *
The orc hits you but does no damage.
Unknown command.
You barely miss something. Your headbutt misses something.
You block the orc's attack. The orc barely misses you. You furiously retaliate!
You headbutt the orc. Something hits you but does no damage.
The orc priest mumbles some strange prayers to Beogh against you.
Beogh smites you!
You die...

...... .. ..
..... ... ..
#.#.#... #.
##.#.#.##.
#..#.........
#..#.<.......
#...oo.......
#.#Zoo#......
..#.#5o@#..o...
......l{# ..o..
#.#.#...# .....
#.#.... ....
.....[.. ....
.....##...
....## ....
.... ..... ...
.>....


You could see an iguana, an orc priest, 4 orcs, an ufetubus and a killer bee
zombie.

Vanquished Creatures
  A necrophage (D:4)
  A bullfrog (D:4)
  2 jellies (D:4)
  A bullfrog skeleton (D:4)
  Jessica (D:3)
  An orc wizard (D:5)
  6 adders
  An adder skeleton (D:2)
  3 orcs
  A bat (D:2)
  5 endoplasms
  3 giant cockroaches
  4 goblins
  7 hobgoblins
  7 jackals
  7 quokkas
  7 ball pythons
  2 frilled lizards
  2 kobolds
  6 rats
68 creatures vanquished.

Notes
Turn   | Place    | Note
-------+----------+-------------------------------------------
     0 | D:1      | Peloso the Minotaur Fighter began the quest for the Orb.
     0 | D:1      | Reached XP level 1. HP: 19/19 MP: 0/0
   246 | D:1      | Reached XP level 2. HP: 21/27 MP: 1/1
   856 | D:2      | Reached XP level 3. HP: 26/33 MP: 2/2
  1356 | D:2      | Reached XP level 4. HP: 40/40 MP: 3/3
  1586 | D:3      | Found a runed translucent door.
  1592 | D:3      | Noticed P0WERM0DE's ghost (weakling MfCK)
  1816 | D:3      | Noticed Jessica
  1822 | D:3      | Killed Jessica
  2225 | D:4      | Reached XP level 5. HP: 36/47 MP: 4/4
  2488 | D:4      | Noticed a necrophage
  2495 | D:4      | Killed a necrophage
  2496 | D:4      | Reached skill level 5 in Long Blades
  2496 | D:4      | Reached skill level 1 in Dodging
  2496 | D:4      | Reached XP level 6. HP: 50/55 MP: 5/5
  2986 | D:4      | Reached skill level 5 in Fighting
  3340 | D:5      | Entered Level 5 of the Dungeon
  3349 | D:5      | Reached skill level 5 in Armour
  3365 | D:5      | Killed from afar by an orc priest

Illustrated notes

Levels and vault maps discovered:
D:1:      enne_arrival_octagon_isle, layout_basic
D:2:      layout_basic
D:3:      layout_basic, ebering_ghost_sewer_d, uniq_jessica
D:4:      layout_basic, nrook_uturn
D:5:      layout_basic, amcnicky_mini_pool_medium, uniq_sigmund

Skill      XL: |  1  2  3  4  5  6 |
---------------+-------------------+-----
Shields        | 4 |  4.9
Fighting       | 4 5 |  5.1
Long Blades    | 3 4 5 |  5.6
Armour         | 4 5 |  5.0
Dodging        | 1 |  1.2
Stealth        | |  0.5

Action                   |  1- 3 |  4- 6 || total
-------------------------+-------+-------++-------
Melee: Long sword        |   102 |    54 ||   156
       Headbutt          |     8 |    11 ||    19
       Falchion          |       |    24 ||    24
  Use: Potion            |     1 |       ||     1
       Scroll            |       |     3 ||     3
Armor: Scale mail        |    66 |       ||    66
       Plate armour      |       |    58 ||    58
Dodge: Dodged            |    69 |    28 ||    97
Block: Buckler           |    40 |    14 ||    54
